 Dungeon Crawl Stone Soup version 0.14-a0-1007-gacdcbbe (webtiles) character file.

868 4tharraofdagon the Chopper (level 7, 0/54 HPs)
             Began as a Djinni Fighter on Nov 22, 2013.
             Was an Initiate of Makhleb.
             Slain by Menkaure (14 damage)
             ... on Level 7 of the Dungeon.
             The game lasted 00:10:48 (1849 turns).

4tharraofdagon the Chopper (Djinni Fighter)         Turns: 1849, Time: 00:10:48

HP   0/54        AC 10     Str 25      XL: 7   Next: 41%
MP   0/0         EV  9     Int  7      God: Makhleb [......]
Gold 152         SH 19     Dex 12      Spells:  0 memorised,  6 levels left

Res.Fire  : + + +   See Invis. : .   e - -1,+3 orc hand axe
Res.Cold  : x . .   Warding    : .   r - +0 troll leather armour {Purgy}
Life Prot.: + + +   Conserve   : .   c - +0 shield
Res.Poison: .       Res.Corr.  : .   (no helmet)
Res.Elec. : .       Clarity    : .   (no cloak)
Sust.Abil.: . .     Spirit.Shd : .   j - +0 pair of gloves
Res.Mut.  : .       Stasis     : .   (boots unavailable)
Res.Rott. : .       Flight     : +   (no amulet)
Saprovore : . . .                    w - +4 ring of protection
                                     B - +2 ring of strength

@: mighty, flying, slightly resistant to hostile enchantments, unstealthy
A: fire immunity, cold vulnerability, dopey 1, low mp 1, life protection 3, spit
poison 2
a: Spit Poison, Renounce Religion


You were on level 7 of the Dungeon.
You worshipped Makhleb.
Makhleb was noncommittal.
You were not hungry.

You visited 1 branch of the dungeon, and saw 8 of its levels.

You collected 152 gold pieces.

Inventory:

Hand weapons
 a - a +0,+0 hand axe
 d - a cursed -3,+0 spear
 e - a -1,+3 orcish hand axe (weapon)
 m - a +2,+0 spear of piercing
Missiles
 l - 6 javelins of penetration (quivered)
 x - 14 darts of dispersal
 y - 2 throwing nets
Armour
 b - a +0 scale mail
 c - a +0 shield (worn)
 g - a +1 dwarven chain mail
 j - a +0 pair of gloves (worn)
 r - a +0 troll leather armour (worn) {Purgy}
Magical devices
 A - a wand of frost (9)
 C - a wand of slowing (16)
Scrolls
 f - a scroll of blinking {unknown}
 o - a scroll of teleportation {unknown}
 p - a scroll of fear {unknown}
 q - a scroll of enchant weapon II
 s - a scroll of amnesia {unknown}
 t - 2 scrolls of fog {unknown}
 v - 2 scrolls of recharging {unknown}
 E - a scroll of noise {unknown}
Jewellery
 h - an uncursed ring of hunger {unknown}
 w - a +4 ring of protection (right hand)
 B - a +2 ring of strength (left hand)
Potions
 z - 2 potions of restore abilities
 D - a potion of might
Books
 i - a book of Annihilations {highlevel}

   This book is beyond your current level of understanding.

   Spells                             Type                      Level
   Poison Arrow                       Conjuration/Poison           6
   Chain Lightning                    Conjuration/Air              8
   Lehudib's Crystal Spear            Conjuration/Earth            8
   Ice Storm                          Conjuration/Ice              9
   Fire Storm                         Conjuration/Fire             9
 n - a Grand Grimoire {highlevel}

   This book is beyond your current level of understanding.

   Spells                             Type                      Level
   Demonic Horde                      Summoning                    6
   Mass Abjuration                    Summoning                    6
   Haunt                              Necromancy/Summoning         7
   Summon Greater Demon               Summoning                    7
   Malign Gateway                     Summoning/Translocation      7
   Summon Horrible Things             Summoning                    8


   Skills:
 + Level 4.3 Fighting
 * Level 5.2 Axes
 + Level 5.2 Armour
 + Level 2.1 Dodging
 - Level 3.0 Shields
 + Level 1.2 Evocations


You had 6 spell levels left.
You didn't know any spells.

Dungeon Overview and Level Annotations

Branches:
Dungeon (8/16)
 Temple: D:4-7         Lair: D:8-11

Altars:
Makhleb
Trog
the Shining One

Shops:
D:7 +

Annotations:
D:4 Grinder
D:6 Sigmund
D:7 Menkaure


Innate Abilities, Weirdness & Mutations

You are immune to all types of fire, even holy and hellish.
You are vulnerable to cold.
You need no food.
You have no legs.
You are immune to negative energy.
You are dopey. (Int -2)
Your magical capacity is low (-10% MP).
You can spit moderately strong poison.


Message History

* * * LOW HITPOINT WARNING * * *
Menkaure grins.
Menkaure hits you.
* * * LOW HITPOINT WARNING * * *
Drink which item? (? for menu, Esc to quit)
You feel better.
Menkaure calls on the powers of darkness!
Your body is wracked with pain!
* * * LOW HITPOINT WARNING * * *
Drink which item? (? for menu, Esc to quit)
You feel better.
Menkaure gestures at you while chanting.
Pain shoots through your body!
* * * LOW HITPOINT WARNING * * *
Read which item? (? for menu, Esc to quit)
Okay, then.
Drink which item? (? for menu, Esc to quit)
You feel very mighty all of a sudden.
It was a potion of might.
Menkaure hits you!
You die...

............#####..###'
..................#...
##########........#...
#........#...
#........+...
#........#...
#........#...
#############(.......'...
.......M@..((........####
....:..#########.........
..... #.....#### ..).
#.....# ... #.....# .
#.....# #.....# #......
#....###


You could see Menkaure.

Vanquished Creatures
  Purgy (D:4)
  A phantom (D:5)
  2 centaurs
  2 crimson imps
  An iguana (D:6)
  A scorpion (D:7)
  3 worker ants
  Jessica (D:3)
  An ogre skeleton (D:5)
  7 adders
  A giant mite (D:5)
  3 worms
  An iguana skeleton (D:7)
  A giant eyeball (D:6)
  4 giant geckos
  8 bats
  2 giant cockroaches
  5 goblins
  6 hobgoblins
  A quokka (D:4)
  3 giant newts
  5 jackals
  4 kobolds
  6 rats
70 creatures vanquished.

Notes
Turn   | Place    | Note
--------------------------------------------------------------
     0 | D:1      | 4tharraofdagon, the Djinni Fighter, began the quest for the Orb.
     0 | D:1      | Reached XP level 1. HP: 16/16 MP: 0/0
   215 | D:2      | Reached XP level 2. EP: 20/22
   250 | D:2      | Reached XP level 3. EP: 13/29
   300 | D:2      | Gained mutation: You can spit poison. [potion of beneficial mutation]
   301 | D:2      | Gained mutation: Your magical capacity is low (-10% MP). [potion of mutation]
   301 | D:2      | Gained mutation: You are dopey. (Int -2) [potion of mutation]
   301 | D:2      | Gained mutation: You can spit moderately strong poison. [potion of mutation]
   372 | D:2      | Reached skill level 4 in Armour
   417 | D:2      | Reached XP level 4. EP: 31/34
   673 | D:4      | Noticed Purgy
   715 | D:4      | Killed Purgy
   715 | D:4      | Reached XP level 5. EP: 18/40
   834 | D:3      | Found a glowing golden altar of the Shining One.
   881 | D:4      | Noticed Grinder
   883 | D:4      | Paralysed by Grinder for 2 turns
   891 | D:3      | Noticed Jessica
   900 | D:3      | Killed Jessica
  1043 | D:4      | Reached XP level 6. EP: 38/47
  1090 | D:5      | Entered Level 5 of the Dungeon
  1144 | D:5      | Reached skill level 1 in Dodging
  1436 | D:6      | Reached skill level 5 in Armour
  1436 | D:6      | Reached XP level 7. EP: 44/53
  1485 | D:6      | Found a bloodstained altar of Trog.
  1538 | D:6      | Found a burning altar of Makhleb.
  1551 | D:6      | Became a worshipper of Makhleb the Destroyer
  1571 | D:6      | Reached skill level 5 in Axes
  1620 | D:5      | Reached skill level 1 in Evocations
  1667 | D:6      | Noticed Sigmund
  1727 | D:7      | Found Headd's Book Shop.
  1836 | D:7      | Noticed Menkaure
  1849 | D:7      | Slain by Menkaure

Action                   |  1- 3 |  4- 6 |  7- 9 || total
-------------------------+-------+-------+-------++-------
Melee: Hand axe          |    71 |   125 |    58 ||   254
 Abil: Spit Poison       |     6 |    16 |    10 ||    32
Evoke: Wand              |       |       |     2 ||     2
  Use: Potion            |     3 |     1 |     3 ||     7
       Scroll            |       |     7 |     1 ||     8
 Stab: Sleeping          |       |     2 |       ||     2
